 Dungeon Crawl Stone Soup version 0.26-a0-1101-g8f9f7f7418 (webtiles) character file.

Game seed: 11747791729705038448

2 Dracia the Chiller (level 1, -1/13 HPs)
             Began as a Merfolk Ice Elementalist on Dec 15, 2020.
             Slain by a quokka (4 damage)
             ... on level 2 of the Dungeon.
             The game lasted 00:00:37 (200 turns).

Dracia the Chiller (Merfolk Ice Elementalist)        Turns: 200, Time: 00:00:37

Health: -1/13      AC:  2    Str:  8    XL:     1   Next: 40%
Magic:  3/3        EV: 13    Int: 14    God:
Gold:   0          SH:  0    Dex: 14    Spells: 3/4 levels left

rFire    . . .     SeeInvis .   (no weapon)
rCold    . . .     Faith    .   (no shield)
rNeg     . . .     Spirit   .   a - +0 robe
rPois    .         Reflect  .   (no helmet)
rElec    .         Harm     .   (no cloak)
rCorr    .         Rampage  .   (no gloves)
Will     .....                  (no boots)
Stlth    ++........             (no amulet)
HPRegen  0.04/turn              (no ring)
MPRegen  0.08/turn              (no ring)

@: no status effects
A: change form in water, swift swim, stealthy swim
a: no special abilities


You were on level 2 of the Dungeon.
You visited 1 branch of the dungeon, and saw 2 of its levels.


   Skills:
 - Level 2.6 Dodging
 - Level 2.1 Stealth
 - Level 2.0 Spellcasting
 + Level 4.5 Ice Magic


You had 3 spell levels left.
You knew the following spells:

 Your Spells              Type           Power        Failure   Level
z - Freeze                Ice            ##..         3%          1

Your spell library contained the following spells:

 Spells                   Type           Power        Failure   Level
 Frozen Ramparts          Ice            ##....       11%         3
 Ozocubu's Armour         Ice            ##......     11%         3
 Hailstorm                Conj/Ice       #.......     67%         4
 Summon Ice Beast         Ice/Summ       #.......     67%         4

Inventory:

Armour
 a - a +0 robe (worn)
Scrolls
 b - a scroll of noise {unknown}
 c - a scroll of amnesia {unknown}
Potions
 d - a potion of attraction {unknown}

Dungeon Overview and Level Annotations

Branches:
Dungeon (1/15)

Altars:

###########
#.........##
#...#...#..#
#.w###.###.#
##....###...#
##r..###.###.#
#.@S..#?..#..#
#..Kg.#..(#...##
#..SB.###.###.##
......... ##...#
...g....#######.#
.........#...#..#
...............##
..$............#
..........##


You could see a worm, 2 adders, a quokka, a giant cockroach, 2 hobgoblins and a
kobold.


Message History

The quokka barely misses you. The quokka barely misses you.
The quokka closely misses you. The quokka barely misses you.
The quokka misses you. The quokka bites you.
* * * LOW HITPOINT WARNING * * *
An adder comes into view.
Number of times to repeat, then command key: You must enter the number of times for the command to repeat.
Number of times to repeat, then command key: You must enter the number of times for the command to repeat.
Unknown command.
An adder comes into view.
The quokka closely misses you.
Found 21 stones.
A giant cockroach and a hobgoblin come into view.
The hobgoblin shouts!
The adder hisses angrily.
You hear a shout!
A hobgoblin comes into view. It is wielding a +0 club.
A kobold comes into view.
Found 11 gold pieces.
You barely miss the hobgoblin. The adder misses you.
The quokka closely misses you. The hobgoblin misses you.
The kobold shouts!
You hit the hobgoblin but do no damage. The adder barely misses you.
The quokka barely misses you.
The hobgoblin hits you but does no damage.
The adder barely misses you.
You closely miss the kobold. The quokka bites you.
You die...

Action                   || total
-------------------------++-------
Melee: Unarmed           ||     4
 Cast: Freeze            ||     4
Armor: Robe              ||     2
Dodge: Dodged            ||    17

Levels and vault maps discovered:
D:1:      saegor_arrival_simple_a, layout_loops_ring
D:2:      layout_rooms, lemuel_round_altar, lemuel_crystal_altar,
          chequers_ecumenical_altar_twisty, minmay_between, uniq_jessica

Notes
Turn   | Place    | Note
-------+----------+-------------------------------------------
     0 | D:1      | Dracia the Merfolk Ice Elementalist began the quest for the
                  | Orb.
     0 | D:1      | Reached XP level 1. HP: 13/13 MP: 3/3
   122 | D:1      | You fall into a shaft and drop 1 floor!
   200 | D:2      | Slain by a quokka

Vanquished Creatures
  A hobgoblin (D:1)
  A kobold (D:1)
2 creatures vanquished.

Table legend: (Time is in decaauts)
 A = Elapsed time spent in this place.
 B = Non-inter-level travel time spent in this place.
 C = Inter-level travel time spent in this place.
 D = Time resting spent in this place.
 E = Time spent auto-exploring this place.
 F = Levels seen in this place.
 G = Mean time per level.
                   A        B        C        D        E       F      G
               +--------+--------+--------+--------+--------+-----+--------+
         Total |    199 |    199 |      0 |      0 |    134 |   2 |   99.5 |
       Dungeon |    199 |    199 |      0 |      0 |    134 |   2 |   99.5 |
               +--------+--------+--------+--------+--------+-----+--------+

Top non-repeatable levels by time:
     D:1: 122 daAuts
     D:2: 77 daAuts

Table legend:
 A = Non-vault XP
 B = Vault XP
 C = Vault XP percentage of total XP
 D = Non-vault monster count
 E = Vault monster count
 F = Vault count percentage of total count
                 A         B        C        D         E       F
            +---------+---------+-------+---------+---------+-------
      Total |       4 |       0 |   0.0 |       2 |       0 |   0.0
            +---------+---------+-------+---------+---------+-------
        D:1 |       4 |       0 |   0.0 |       2 |       0 |   0.0
            +---------+---------+-------+---------+---------+-------
